 Dungeon Crawl Stone Soup version 0.25-a0-661-g55ea3d2 (webtiles) character file.

Game seed: 1120234894521460392, levelgen mode: deterministic

99 ssssssssss the Covered (level 5, -1/41 HPs)
             Began as a Human Fighter on Mar 24, 2020.
             Was an Initiate of Elyvilon.
             Slain by a ball python (2 damage)
             ... on level 3 of the Dungeon.
             The game lasted 00:12:03 (1788 turns).

ssssssssss the Covered (Human Fighter)              Turns: 1788, Time: 00:12:04

Health: -1/41      AC:  6    Str: 17    XL:     5   Next: 2%
Magic:  5/5        EV:  7    Int:  9    God:    Elyvilon [......]
Gold:   90         SH:  9    Dex: 12    Spells: 4/4 levels left

rFire    + . .     SeeInvis .   a - +0 war axe
rCold    + . .     Gourm    .   c - +0 kite shield
rNeg     . . .     Faith    .   b - +0 scale mail
rPois    .         Spirit   .   (no helmet)
rElec    .         Reflect  .   f - scarf {rC+ rF+}
rCorr    .         Harm     .   (no gloves)
MR       .....                  (no boots)
Stlth    ..........             (no amulet)
HPRegen  0.13/turn              (no ring)
MPRegen  0.09/turn              (no ring)

@: lethally poisoned (-1 -> -15)
A: no striking features
a: Renounce Religion


You were on level 3 of the Dungeon.
You worshipped Elyvilon.
Elyvilon was noncommittal.
You were not hungry.

You visited 1 branch of the dungeon, and saw 3 of its levels.

You collected 90 gold pieces.

Inventory:

Hand Weapons
 a - a +0 war axe (weapon)
 d - a +0 hand axe
 i - a +0 spear
 j - a +0 mace
 m - a +0 dagger
Armour
 b - a +0 scale mail (worn)
 c - a +0 kite shield (worn)
 e - a +0 leather armour
 f - a scarf of resistance (worn)
 h - a +0 ring mail
 l - a +0 ring mail
Scrolls
 n - 3 scrolls of identify
Potions
 g - a potion of ambrosia
Comestibles
 k - 2 rations


   Skills:
 + Level 3.3 Fighting
 + Level 3.3 Axes
 + Level 3.5 Armour
 + Level 0.8 Dodging
 + Level 3.5 Shields


You had 4 spell levels left.
You didn't know any spells.
Your spell library was empty.

Dungeon Overview and Level Annotations

Branches:
Dungeon (3/15)

Altars:
Elyvilon
Vehumet


Message History

You feel sick. You block the bat's attack. The bat hits you but does no damage.
The orc hits you but does no damage.
You are lethally poisoned!
You closely miss the bat. You hit the orc.
You kill the orc!
You feel sick. You block the bat's attack.
The bat hits you but does no damage. x2
The ball python bites you.
* * * LOW HITPOINT WARNING * * *
The ball python grabs you. The ball python constricts you.
Unknown command.
Really walk into that cloud of flame?
You escape the ball python's grasp.
You are engulfed in blazing flames.
You resist.
* * * LOW HITPOINT WARNING * * *
x2 You feel sick.
You block the bat's attack.
* * * LOW HITPOINT WARNING * * *
You feel sick. You block the bat's attack.
* * * LOW HITPOINT WARNING * * *
You feel sick. The ball python bites you.
You die...

#######...########
#........#..........# #.#
#............# #.#
###..######### . #.####
#.....# #. ..# ##....###
#.....# #. ....#
#.......###.....# #.
.s....###.#§§°..........# #.
.......sg.g.S@.°.##.....# #.
....#..##.#g°.○.........#####.
. .w...w..g.§°○..........#.♣##
#.###....##.b..####)##..'.8#
#. ##......####...<.<..#.♣# .
.....#### #.....>..### ###..##
#.>.(....# ##. #........#
#........#


You could see 4 gnolls, a giant cockroach, a bat and a ball python.

Vanquished Creatures
  The ghost of mobdeep the Grave Robber, a weakling DENe (D:3)
  2 adders (D:2)
  A dart slug (D:1)
  2 leopard geckos (D:2)
  2 orcs (D:3)
  3 giant cockroaches (D:2)
  4 hobgoblins
  7 jackals (D:2)
  5 bats
  3 goblins
  4 kobolds (D:2)
  7 rats
41 creatures vanquished.

Vanquished Creatures (others)
  A ball python (D:3)
1 creature vanquished.

Grand Total: 42 creatures vanquished

Notes
Turn   | Place    | Note
-------+----------+-------------------------------------------
     0 | D:1      | ssssssssss the Human Fighter began the quest for the Orb.
     0 | D:1      | Reached XP level 1. HP: 18/18 MP: 1/1
   213 | D:1      | Reached XP level 2. HP: 16/24 MP: 2/2
   501 | D:2      | Reached XP level 3. HP: 19/29 MP: 3/3
   857 | D:2      | Found a white marble altar of Elyvilon.
   867 | D:2      | Became a worshipper of Elyvilon the Healer
  1298 | D:2      | Reached XP level 4. HP: 35/35 MP: 4/4
  1672 | D:3      | Found a runed translucent door.
  1673 | D:3      | Noticed mobdeep's ghost (weakling DENe)
  1674 | D:3      | Found a radiant altar of Vehumet.
  1722 | D:3      | Killed mobdeep's ghost
  1722 | D:3      | Reached XP level 5. HP: 41/41 MP: 5/5
  1788 | D:3      | HP: 1/41 [poisoned by an orc]
  1788 | D:3      | Slain by a ball python

Levels and vault maps discovered:
D:1:      nzn_arrival_settlement, layout_loops_ring, kennysheep_boxes
D:2:      layout_loops_cross, lemuel_coloured_pillars_altar, st_stairs_5
D:3:      layout_rooms, fiery_altar_vehumet, first_ration,
          gammafunk_ghost_grave, minmay_fractal_squares_gapless_5

Skill      XL: |  1  2  3  4 |
---------------+-------------+-----
Axes           | 3 |  3.3
Fighting       | |  3.3
Armour         | |  3.5
Dodging        | |  0.8
Shields        | |  3.5

Action                   |  1- 3 |  4- 6 || total
-------------------------+-------+-------++-------
Melee: War axe           |   100 |    43 ||   143
  Use: Scroll            |     3 |     1 ||     4
       Potion            |     2 |     1 ||     3
  Eat: Ration            |     1 |       ||     1
Armor: Scale mail        |    59 |    18 ||    77
Dodge: Dodged            |    24 |    16 ||    40
Block: Kite shield       |    60 |    37 ||    97

Table legend:
 A = Non-vault XP
 B = Vault XP
 C = Vault XP percentage of total XP
 D = Non-vault monster count
 E = Vault monster count
 F = Vault count percentage of total count
                 A         B        C        D         E       F
            +---------+---------+-------+---------+---------+-------
      Total |      91 |      51 |  35.9 |      38 |       3 |   7.3
            +---------+---------+-------+---------+---------+-------
        D:1 |      11 |       0 |   0.0 |       5 |       0 |   0.0
        D:2 |      68 |       5 |   6.8 |      27 |       2 |   6.9
        D:3 |      12 |      46 |  79.3 |       6 |       1 |  14.3
            +---------+---------+-------+---------+---------+-------
